HBL
SPOKANE RIVER RATS @ PORTLAND STAG
06/02/1997
 
TOP OF THE 1ST
Spokane River Rats batting - Pitching for Portland Stag : RHP Bryan Rekar
Pitching: RHP Bryan Rekar
Batting: SHB Devon White 0-0: Ball
1-0: Ball
2-0: Ball
3-0: Called Strike
3-1: Foul Ball, location: 2F
3-2: Strikes out looking
Batting: LHB Andy Fox 0-0: Ball
1-0: Ground out 5-3 (Groundball, 56, EV 83.1 MPH)
Batting: LHB Michael Tucker 0-0: Ground out 4-3 (Groundball, 4, EV 84.4 MPH)
Top of the 1st over - 0 runs, 0 hits, 0 errors, 0 left on base; Spokane 0 - Portland 0
BOTTOM OF THE 1ST
Portland Stag batting - Pitching for Spokane River Rats : RHP Matt Morris
Pitching: RHP Matt Morris
Batting: SHB Jose Vizcaino 0-0: Foul Ball, location: 2F
0-1: Fly out, F7 (Flyball, 7S, EV 94.4 MPH)
Batting: RHB Fernando Tatis 0-0: Ball
1-0: SINGLE (Line Drive, 78S, EV 98.1 MPH)
Batting: RHB Jeff Kunkel 0-0: Foul Ball, location: 2F
0-1: Ball
1-1: Foul Ball, location: 2F
1-2: Strikes out looking
Batting: LHB Mark P Johnson 0-0: Swinging Strike
0-1: Ball
1-1: TRIPLE (Flyball, 78XD, EV 104.4 MPH)
Fernando Tatis scores
Batting: RHB Wes Chamberlain 0-0: Ground out 6-3 (Groundball, 6, EV 86.3 MPH)
Bottom of the 1st over - 1 run, 2 hits, 0 errors, 1 left on base; Spokane 0 - Portland 1
TOP OF THE 2ND
Spokane River Rats batting - Pitching for Portland Stag : RHP Bryan Rekar
Batting: SHB Gene Kingsale 0-0: Called Strike
0-1: Swinging Strike
0-2: Strikes out swinging
Batting: RHB Tony Rodriguez 0-0: Called Strike
0-1: Ball
1-1: Foul Ball, location: 2F
1-2: SINGLE (Flyball, 89M, EV 90.6 MPH)
Batting: SHB Luis M. Lopez 0-0: Ground out 4-3 (Groundball, 34, EV 95.0 MPH)
Tony Rodriguez to second
Batting: RHB Mark Dalesandro 0-0: Ball
1-0: Foul Ball, location: 2F
1-1: Ball
2-1: Swinging Strike
2-2: Ball
3-2: Strikes out swinging
Top of the 2nd over - 0 runs, 1 hit, 0 errors, 1 left on base; Spokane 0 - Portland 1
BOTTOM OF THE 2ND
Portland Stag batting - Pitching for Spokane River Rats : RHP Matt Morris
Batting: RHB Chris Widger 0-0: Called Strike
0-1: Ball
1-1: Swinging Strike
1-2: DOUBLE (Flyball, 78D, EV 101.9 MPH)
Batting: RHB Alex S Gonzalez 0-0: Ball
1-0: Ball
2-0: Ball
3-0: Base on Balls
Batting: RHB Josh Booty 0-0: Ball
1-0: Ball
2-0: Foul Ball, location: 2F
2-1: Foul Ball, location: 2F
2-2: Strikes out looking
Batting: LHB Yoshinobu Takahashi 0-0: Fly out, F6 (Popup, 6MD, EV 45.6 MPH)
Batting: SHB Jose Vizcaino 0-0: Called Strike
0-1: Foul Ball, location: 2F
0-2: Ball
1-2: Ground out 4-3 (Groundball, 4, EV 86.3 MPH)
Bottom of the 2nd over - 0 runs, 1 hit, 0 errors, 2 left on base; Spokane 0 - Portland 1
TOP OF THE 3RD
Spokane River Rats batting - Pitching for Portland Stag : RHP Bryan Rekar
Batting: SHB Doug Brady 0-0: Ball
1-0: Ball
2-0: Ground out 4-3 (Groundball, 4M, EV 103.8 MPH)
Batting: RHB Jose Lind 0-0: Foul Ball, location: 2F
0-1: Ball
1-1: Ball
2-1: Ball
3-1: SINGLE (Line Drive, 8LS, EV 103.8 MPH)
Batting: SHB Devon White 0-0: Ball
1-0: Ball
2-0: DOUBLE (Line Drive, 7LS, EV 99.4 MPH)
Jose Lind to third
Batting: LHB Andy Fox 0-0: Called Strike
0-1: Ball
1-1: Foul Ball, location: 2F
1-2: Foul Ball, location: 2F
1-2: Strikes out looking
Batting: LHB Michael Tucker 0-0: Ball
1-0: Ball
2-0: Fly out, F8 (Flyball, 8LXD, EV 101.9 MPH)
Top of the 3rd over - 0 runs, 2 hits, 0 errors, 2 left on base; Spokane 0 - Portland 1
BOTTOM OF THE 3RD
Portland Stag batting - Pitching for Spokane River Rats : RHP Matt Morris
Batting: RHB Fernando Tatis 0-0: Ball
1-0: Fly out, F8 (Line Drive, 8LD, EV 92.5 MPH)
Batting: RHB Jeff Kunkel 0-0: Called Strike
0-1: Called Strike
0-2: Ball
1-2: Strikes out swinging
Batting: LHB Mark P Johnson 0-0: Ball
1-0: SOLO HOME RUN (Flyball, 89XD, EV 98.1 MPH), Distance : 440 ft
Batting: RHB Wes Chamberlain 0-0: Called Strike
0-1: Ball
1-1: Foul Ball, location: 2F
1-2: Strikes out swinging
Bottom of the 3rd over - 1 run, 1 hit, 0 errors, 0 left on base; Spokane 0 - Portland 2
TOP OF THE 4TH
Spokane River Rats batting - Pitching for Portland Stag : RHP Bryan Rekar
Batting: SHB Gene Kingsale 0-0: Ball
1-0: DOUBLE (Line Drive, 78M, EV 102.5 MPH)
Batting: RHB Tony Rodriguez 0-0: Ball
1-0: Ball
2-0: Called Strike
2-1: Foul Ball, location: 2F
2-2: Ball
3-2: Fly out, F9 (Flyball, 89M, EV 95.0 MPH)
Batting: SHB Luis M. Lopez 0-0: Ball
1-0: Fly out, F7 (Flyball, 7S, EV 87.5 MPH)
Batting: RHB Mark Dalesandro 0-0: Ball
1-0: Called Strike
1-1: Ball
2-1: Ball
Wild Pitch!
Gene Kingsale to third
3-1: Foul Ball, location: 2F
3-2: Foul Ball, location: 2F
3-2: Ground out 5-3 (Groundball, 56, EV 105.6 MPH)
Top of the 4th over - 0 runs, 1 hit, 0 errors, 1 left on base; Spokane 0 - Portland 2
BOTTOM OF THE 4TH
Portland Stag batting - Pitching for Spokane River Rats : RHP Matt Morris
Batting: RHB Chris Widger 0-0: Called Strike
0-1: Called Strike
0-2: Ball
1-2: DOUBLE (Flyball, 8RXD, EV 106.3 MPH)
Batting: RHB Alex S Gonzalez 0-0: Ground out 4-3 (Groundball, 4M, EV 98.8 MPH)
Chris Widger to third
Batting: RHB Josh Booty 0-0: SINGLE (Groundball, 56D, EV 103.1 MPH)
Chris Widger scores
Batting: LHB Yoshinobu Takahashi 0-0: Ball
1-0: Swinging Strike
1-1: Ball
2-1: Ball
3-1: Foul Ball, location: 2F
3-2: Foul Ball, location: 2F
3-2: Base on Balls
Josh Booty to second
Batting: SHB Jose Vizcaino 0-0: Ball
1-0: Ball
2-0: Called Strike
2-1: Fielders Choice at 2nd, 4-6 (Groundball, 4, EV 105.0 MPH)
Josh Booty to third
Batting: RHB Fernando Tatis 0-0: Ground out 4-3 (Groundball, 34, EV 81.3 MPH)
Bottom of the 4th over - 1 run, 2 hits, 0 errors, 2 left on base; Spokane 0 - Portland 3
TOP OF THE 5TH
Spokane River Rats batting - Pitching for Portland Stag : RHP Bryan Rekar
Batting: SHB Doug Brady 0-0: Ball
1-0: Ball
2-0: SINGLE (Groundball, 34D, EV 98.1 MPH)
Batting: RHB Jose Lind 0-0: Reached on error, E2 (Groundball, 2R, EV 43.8 MPH)
Doug Brady to third
Batting: SHB Devon White 0-0: Ball
1-0: Called Strike
1-1: Ball
2-1: Ball
3-1: Base on Balls
Batting: LHB Andy Fox 0-0: Ball
1-0: Foul Ball, location: 2F
1-1: Fly out, F9 (Flyball, 9, EV 83.8 MPH)
Runner from 3rd tags up, OUT at HOME! 9-2
Jose Lind to third
Devon White to second
Batting: LHB Michael Tucker 0-0: Ball
1-0: Ball
2-0: SINGLE (Line Drive, 78S, EV 88.8 MPH)
Jose Lind scores
Devon White to third
Runner from 3rd tries for Home, SAFE, throw by CF to home
Batting: SHB Gene Kingsale 0-0: Called Strike
0-1: Ball
1-1: Ball
2-1: Called Strike
2-2: Ground out 4-3 (Groundball, 34, EV 88.1 MPH)
Top of the 5th over - 2 runs, 2 hits, 1 error, 1 left on base; Spokane 2 - Portland 3
BOTTOM OF THE 5TH
Portland Stag batting - Pitching for Spokane River Rats : RHP Matt Morris
Batting: RHB Jeff Kunkel 0-0: Fly out, F9 (Flyball, 9S, EV 84.4 MPH)
Batting: LHB Mark P Johnson 0-0: Called Strike
0-1: Swinging Strike
0-2: Ball
1-2: Strikes out looking
Batting: RHB Wes Chamberlain 0-0: Called Strike
0-1: Swinging Strike
0-2: Fly out, F7 (Flyball, 7LMF, EV 105.6 MPH)
Bottom of the 5th over - 0 runs, 0 hits, 0 errors, 0 left on base; Spokane 2 - Portland 3
TOP OF THE 6TH
Spokane River Rats batting - Pitching for Portland Stag : RHP Bryan Rekar
Batting: RHB Tony Rodriguez 0-0: Ball
1-0: Ball
2-0: Ground out 5-3 (Groundball, 56S, EV 86.9 MPH)
Batting: SHB Luis M. Lopez 0-0: Ball
1-0: Ball
2-0: Foul Ball, location: 2F
2-1: Swinging Strike
2-2: Ball
3-2: Strikes out swinging
Batting: RHB Mark Dalesandro 0-0: Ball
1-0: Called Strike
1-1: Ball
2-1: Swinging Strike
2-2: Strikes out swinging
Top of the 6th over - 0 runs, 0 hits, 0 errors, 0 left on base; Spokane 2 - Portland 3
BOTTOM OF THE 6TH
Portland Stag batting - Pitching for Spokane River Rats : RHP Matt Morris
Batting: RHB Chris Widger 0-0: Bunt for hit to P - play at first, batter OUT! 1-3
Batting: RHB Alex S Gonzalez 0-0: Ball
1-0: Ball
2-0: Called Strike
2-1: Ball
3-1: SINGLE (Line Drive, 56D, EV 97.5 MPH)
Batting: RHB Josh Booty 0-0: Called Strike
Alex S Gonzalez steals 2nd base
0-1: Ball
1-1: Fly out, F8 (Flyball, 8RM, EV 80.6 MPH)
Batting: LHB Yoshinobu Takahashi 0-0: Ball
1-0: Ball
2-0: Foul Ball, location: 2F
2-1: Swinging Strike
2-2: Strikes out swinging
Bottom of the 6th over - 0 runs, 1 hit, 0 errors, 1 left on base; Spokane 2 - Portland 3
TOP OF THE 7TH
Spokane River Rats batting - Pitching for Portland Stag : RHP Bryan Rekar
Batting: SHB Doug Brady 0-0: Swinging Strike
0-1: Ball
1-1: Ground out 3-1 (Groundball, 34, EV 92.5 MPH)
Batting: RHB Jose Lind 0-0: Called Strike
0-1: Ball
1-1: Called Strike
1-2: Ball
2-2: Fly out, F7 (Flyball, 7LM, EV 98.8 MPH)
Batting: SHB Devon White 0-0: Ball
1-0: Called Strike
1-1: Swinging Strike
1-2: Strikes out swinging
Top of the 7th over - 0 runs, 0 hits, 0 errors, 0 left on base; Spokane 2 - Portland 3
BOTTOM OF THE 7TH
Portland Stag batting - Pitching for Spokane River Rats : RHP Matt Morris
Batting: SHB Jose Vizcaino 0-0: Called Strike
0-1: Swinging Strike
0-2: Ball
1-2: Ground out 6-3 (Groundball, 6, EV 80.0 MPH)
Pitching: RHP Ricky Trlicek
Batting: RHB Fernando Tatis 0-0: Called Strike
0-1: Foul Ball, location: 2F
0-2: Ball
1-2: Strikes out swinging
Batting: RHB Jeff Kunkel 0-0: Fly out, F8 (Flyball, 8RS, EV 85.6 MPH)
Bottom of the 7th over - 0 runs, 0 hits, 0 errors, 0 left on base; Spokane 2 - Portland 3
TOP OF THE 8TH
Spokane River Rats batting - Pitching for Portland Stag : RHP Bryan Rekar
Batting: LHB Andy Fox 0-0: Ball
1-0: Called Strike
1-1: Swinging Strike
1-2: Strikes out swinging
Batting: LHB Michael Tucker 0-0: Ball
1-0: Ball
2-0: Ball
3-0: Base on Balls
Batting: SHB Gene Kingsale 0-0: Fly out, F7 (Flyball, 7D, EV 85.0 MPH)
Pinch Hitting: LHB John Mabry 0-0: Ball
1-0: Fly out, F8 (Flyball, 89D, EV 90.0 MPH)
Top of the 8th over - 0 runs, 0 hits, 0 errors, 1 left on base; Spokane 2 - Portland 3
BOTTOM OF THE 8TH
Portland Stag batting - Pitching for Spokane River Rats : RHP Ricky Trlicek
Now at 1B: John Mabry
Batting: LHB Mark P Johnson 0-0: Fly out, F8 (Flyball, 8RS, EV 86.9 MPH)
Batting: RHB Wes Chamberlain 0-0: Called Strike
0-1: Ball
1-1: Ground out 3-1 (Groundball, 34, EV 105.6 MPH)
Batting: RHB Chris Widger 0-0: Ground out 4-3 (Groundball, 4, EV 81.9 MPH)
Bottom of the 8th over - 0 runs, 0 hits, 0 errors, 0 left on base; Spokane 2 - Portland 3
TOP OF THE 9TH
Spokane River Rats batting - Pitching for Portland Stag : RHP Bryan Rekar
Pitching: RHP Kerry Ligtenberg
Batting: SHB Luis M. Lopez 0-0: Ball
1-0: Ball
2-0: Ground out 6-3 (Groundball, 6M, EV 82.5 MPH)
Pitching: RHP Dilson Torres
Batting: RHB Mark Dalesandro 0-0: Ground out 1-3 (Groundball, 34S, EV 88.8 MPH)
Pinch Hitting: RHB Billy Ashley 0-0: Ball
1-0: Foul Ball, location: 2F
1-1: SINGLE (Flyball, 7LS, EV 95.6 MPH)
Batting: RHB Jose Lind 0-0: SINGLE (Line Drive, 8RS, EV 95.6 MPH)
Billy Ashley to second
Batting: SHB Devon White 0-0: Called Strike
0-1: Foul Ball, location: 2F
0-2: Strikes out swinging
Top of the 9th over - 0 runs, 2 hits, 0 errors, 2 left on base; Spokane 2 - Portland 3
Wednesday, February 18th, 2026 - OOTP Baseball 20.8 Build 74